 Dungeon Crawl Stone Soup version 0.27-a0-1181-g5f64966fcc (webtiles) character file.

Game seed: 10427617241111179683

360 ZappyNine the Shooter (level 6, -3/53 HPs)
             Began as a Minotaur Hunter on May 17, 2021.
             Slain by a kobold brigand
             ... wielding a +0 dagger
              (4 damage)
             ... on level 3 of the Dungeon.
             The game lasted 00:04:56 (2345 turns).

ZappyNine the Shooter (Minotaur Hunter)             Turns: 2345, Time: 00:04:58

Health: -3/53      AC:  3    Str: 17    XL:     6   Next: 38%
Magic:  5/5        EV: 12    Int:  8    God:
Gold:   97         SH:  0    Dex: 12    Spells: 5/5 levels left

rFire    . . .     SeeInvis .   u - +3 spear
rCold    . . .     Faith    .   (no shield)
rNeg     . . .     Spirit   .   c - +0 leather armour
rPois    .         Reflect  .   (helmet restricted)
rElec    .         Harm     .   (no cloak)
rCorr    .         Rampage  .   (no gloves)
Will     .....                  (no boots)
Stlth    +.........             (no amulet)
HPRegen  0.17/turn              (no ring)
MPRegen  0.09/turn              (no ring)

@: very slightly contaminated
A: horns 2, retaliatory headbutt
a: no special abilities


You were on level 3 of the Dungeon.
You visited 1 branch of the dungeon, and saw 3 of its levels.

You collected 97 gold pieces.

Inventory:

Hand Weapons
 a - a +1 shortbow
 u - a +3 spear (weapon)
Missiles
 d - 24 arrows
Armour
 c - a +0 leather armour (worn)
Jewellery
 h - a ring of ice
Wands
 n - a wand of flame (18)
 p - a wand of digging (3)
Scrolls
 e - a scroll of blinking {unknown}
 f - a scroll of amnesia {unknown}
 i - 2 scrolls of identify {unknown}
 j - 2 scrolls of summoning {unknown}
 k - a scroll of magic mapping {unknown}
 o - a scroll of fog {unknown}
 q - a scroll of brand weapon {unknown}
 t - a scroll of acquirement {unknown}
Potions
 r - a potion of flight
 s - a potion of invisibility


   Skills:
 + Level 4.5 Fighting
 * Level 6.7 Bows
 + Level 3.7 Armour
 - Level 2.1 Dodging
 - Level 0.7 Stealth


You had 5 spell levels left.
You didn't know any spells.
Your spell library contained the following spells:

 Spells                   Type           Power      Damage    Failure   Level
 Corona                   Hex            0%         N/A       45%         1
 Ensorcelled Hibernation  Hex/Ice        0%         N/A       61%         2
 Confusing Touch          Hex            0%         N/A       83%         3
 Dazzling Flash           Conj/Hex       0%         N/A       83%         3
 Tukima's Dance           Hex            0%         N/A       83%         3


Dungeon Overview and Level Annotations

Branches:
Dungeon (3/15)

Altars:


Innate Abilities, Weirdness & Mutations

You have a pair of horns on your head.
You reflexively headbutt those who attack you in melee.


Message History

The kobold is moderately wounded.
The kobold hits you but does no damage. x2
The kobold brigand hits you but does no damage.
Unknown command.
You hit the kobold.
You kill the kobold!
Your transformation is almost over.
The kobold hits you but does no damage.
The kobold brigand hits you but does no damage.
The kobold hits you but does no damage.
Unknown command.
You hit the kobold.
You kill the kobold!
The kobold brigand hits you with a +0 dagger.
* * * LOW HITPOINT WARNING * * *
Unknown command.
You hit the kobold brigand but do no damage.
The kobold brigand hits you but does no damage.
Unknown command.
You closely miss the kobold brigand.
You flicker back into view.
The kobold brigand hits you but does no damage.
Unknown command.
You hit the kobold brigand but do no damage.
The kobold brigand hits you but does no damage.
Unknown command.
You barely miss the kobold brigand.
The kobold brigand hits you with a +0 dagger.
* * * LOW HITPOINT WARNING * * *
Unknown command.
You hit the kobold brigand.
The kobold brigand is moderately wounded.
The kobold brigand hits you but does no damage.
You hit the kobold brigand.
The kobold brigand is moderately wounded.
You feel less wooden.
Your +0 leather armour unmelds from your body.
The kobold brigand misses you.
The kobold brigand hits you with a +0 dagger.
You die...

#####
#########################...#
.#.......#.............)#.(.#
.#.....)))........)..)..#.K.#
.#########..............##'#
..#..........########...K..#
..'..........# #......#
..#..........########......#
.#########.....)@)......##+#
.#.....()).....K))......# #≈≈≈≈
.#.......#..............# #≈≈≈≈
######################### #≈≈≈≈
.≈≈≈≈≈≈≈≈≈≈≈≈≈≈≈≈≈≈≈≈≈≈≈#####≈≈≈≈
.≈≈≈≈≈≈≈≈≈≈≈≈≈≈≈≈≈≈≈≈≈≈≈≈≈≈≈≈≈≈≈≈
..≈≈≈≈≈≈≈≈≈≈≈≈≈≈≈≈≈≈≈≈≈≈≈≈≈≈≈≈≈≈≈
.≈≈.≈.≈≈≈≈...≈≈.≈≈≈≈..≈≈≈≈.≈≈..≈≈
†................................


You could see a kobold brigand.

Vanquished Creatures
  Sigmund (D:3)
  A kobold brigand (D:3)
  5 gnolls
  An adder (D:2)
  3 dart slugs
  4 bats (D:1)
  7 endoplasms
  2 giant cockroaches (D:1)
  4 goblins (D:1)
  2 hobgoblins (D:1)
  3 jackals (D:1)
  A quokka (D:1)
  3 ball pythons
  A frilled lizard (D:3)
  24 kobolds
  A rat (D:1)
63 creatures vanquished.

Notes
Turn   | Place    | Note
-------+----------+-------------------------------------------
     0 | D:1      | ZappyNine the Minotaur Hunter began the quest for the Orb.
     0 | D:1      | Reached XP level 1. HP: 18/18 MP: 0/0
   108 | D:1      | Found a faded altar of an unknown god.
   216 | D:1      | Reached XP level 2. HP: 25/25 MP: 1/1
   227 | D:1      | Reached skill level 1 in Armour
   479 | D:1      | Reached skill level 5 in Bows
   479 | D:1      | Reached XP level 3. HP: 31/31 MP: 2/2
  1669 | D:3      | Noticed Sigmund
  1686 | D:3      | Killed Sigmund
  1687 | D:3      | Reached skill level 6 in Bows
  1687 | D:3      | Reached XP level 4. HP: 26/40 MP: 3/3
  1687 | D:3      | Reached XP level 5. HP: 30/46 MP: 4/4
  2203 | D:3      | Reached XP level 6. HP: 52/52 MP: 5/5
  2343 | D:3      | HP: 2/79 [kobold brigand/+0 dagger (3)]
  2345 | D:3      | Slain by a kobold brigand

Illustrated notes

Levels and vault maps discovered:
D:1:      dpeg_arrival_tiny_a, layout_basic, ebering_ecumenical_altar_mist
D:2:      layout_loops_ring
D:3:      minmay_goblin_kobold_castle, layout_basic, uniq_sigmund

Skill      XL: |  1  2  3 |
---------------+----------+-----
Armour         | 1 3 |  3.7
Fighting       | 3 4 |  4.5
Bows           | 5 6 |  6.7
Dodging        | |  2.1
Stealth        | |  0.7

Action                   |  1- 3 |  4- 6 || total
-------------------------+-------+-------++-------
Melee: Short sword       |    22 |       ||    22
       Headbutt          |     2 |       ||     2
       Spear             |       |    37 ||    37
 Fire: Shortbow          |    75 |    51 ||   126
  Use: Potion            |       |     6 ||     6
 Stab: Invisible         |       |     2 ||     2
Armor: Leather armour    |     5 |     5 ||    10
       Skin              |       |   121 ||   121
Dodge: Dodged            |    25 |    26 ||    51

Table legend: (Time is in decaauts)
 A = Elapsed time spent in this place.
 B = Non-inter-level travel time spent in this place.
 C = Inter-level travel time spent in this place.
 D = Time resting spent in this place.
 E = Time spent auto-exploring this place.
 F = Levels seen in this place.
 G = Mean time per level.
                   A        B        C        D        E       F      G
               +--------+--------+--------+--------+--------+-----+--------+
         Total |   2357 |   2318 |     39 |    493 |   1370 |   3 |  785.7 |
       Dungeon |   2357 |   2318 |     39 |    493 |   1370 |   3 |  785.7 |
               +--------+--------+--------+--------+--------+-----+--------+

Top non-repeatable levels by time:
     D:1: 914 daAuts
     D:3: 761 daAuts
     D:2: 682 daAuts
